 Dungeon Crawl Stone Soup version 0.27.0-1-g7a089689b8 (webtiles) character file.

Game seed: 42409046606674368

4 trckry the Grasshopper (level 1, -1/17 (22) HPs)
             Began as an Ogre Warper on Aug 14, 2021.
             Slain by a kobold (2 damage)
             ... on level 1 of the Dungeon.
             The game lasted 00:00:43 (217 turns).

trckry the Grasshopper (Ogre Warper)                 Turns: 217, Time: 00:00:43

HP:   -1/17 (22)    AC:  3    Str: 14    XL:     1   Next: 60%
MP:   3/3           EV:  9    Int: 14    God:
Gold: 13            SH:  0    Dex:  8    Spells: 4/4 levels left

rFire    . . .     SeeInvis .   a - +0 mace
rCold    . . .     Faith    .   (no shield)
rNeg     . . .     Spirit   .   b - +0 robe
rPois    .         Reflect  .   (helmet restricted)
rElec    .         Harm     .   (no cloak)
rCorr    .         Rampage  .   (gloves unavailable)
Will     .....                  (boots unavailable)
Stlth    +.........             (no amulet)
HPRegen  0.05/turn              (no ring)
MPRegen  0.08/turn              (no ring)

@: heavily drained
A: large, unfitting armour, tough skin 1
a: no special abilities


You were on level 1 of the Dungeon.
You visited 1 branch of the dungeon, and saw 1 of its levels.

You collected 13 gold pieces.

Inventory:

Hand Weapons
 a - a +0 mace (weapon)
Missiles
 d - 5 boomerangs of dispersal (quivered)
Armour
 b - a +0 robe (worn)
Scrolls
 c - a scroll of blinking
 e - a scroll of immolation {unknown}
 f - a scroll of identify {unknown}
Potions
 g - a potion of berserk rage {unknown}


   Skills:
 - Level 2.6 Fighting
 * Level 2.0 Maces & Flails
 - Level 1.0 Throwing
 - Level 2.1 Dodging
 - Level 2.4 Spellcasting
 * Level 2.8 Translocations


You had 4 spell levels left.
You didn't know any spells.
Your spell library contained the following spells:

 Spells                   Type           Power      Damage    Failure   Level
 Blink                    Tloc           N/A        N/A       11%         2
 Gell's Gravitas          Tloc           4%         N/A       22%         3
 Lesser Beckoning         Tloc           4%         N/A       22%         3
 Teleport Other           Tloc           9%         N/A       22%         3
 Manifold Assault         Tloc           9%         N/A       89%         5


Dungeon Overview and Level Annotations

Branches:
Dungeon (1/15)

Altars:


Innate Abilities, Weirdness & Mutations

You are too large for most types of armour.
You have tough skin. (AC +1)


Message History

You kill the kobold!
Your Maces & Flails skill increases to level 2!
No target in view!
e - a scroll labelled WUKHIX VILOUFE Health restored: 22
Things that are here:
a +0 club; a kobold corpse
f - a scroll labelled GUAZUE DEYTIKK
g - a murky silvery potion You now have 13 gold pieces (gained 6).
Found a sapphire potion.
A kobold comes into view. It is wielding a +2 whip of draining.
The kobold throws a stone.
The stone hits you.
You take 2 damage, and have 20/22 hp.
The kobold throws a stone.
The stone closely misses you.
The kobold throws a stone.
The stone hits you.
You barely miss the kobold.
The kobold hits you with a +2 whip of draining.
You feel drained.
You take 6 damage, and have 14/21 hp.
MASSIVE DAMAGE!!
You barely miss the kobold. The kobold barely misses you.
The kobold hits you but does no damage.
You feel drained.
You miss the kobold. The kobold closely misses you.
You hit the kobold.
The kobold is severely wounded.
The kobold hits you with a +2 whip of draining.
You feel drained.
You take 2 damage, and have 12/19 hp.
You barely miss the kobold.
The kobold is severely wounded.
The kobold hits you with a +2 whip of draining.
You feel drained.
You take 6 damage, and have 6/18 hp.
MASSIVE DAMAGE!!
You barely miss the kobold.
The kobold is severely wounded.
The kobold barely misses you.
The kobold hits you with a +2 whip of draining.
* * * LOW HITPOINT WARNING * * *
You feel drained.
You die...

#############
###............
#..............
########.#.###.####...
#......#.#.# #.#
##......#.#.###.##
#>...........@K..##
#.........#.###...#
#.................#
#....)..≈≈⌠≈⌠⌠⌠≈....
#.......⌠......≈.#.!..
#.......≈.####.≈.#......
#.......≈..._#.P.#..##.#
#.......≈.####.≈..... .
#.##....≈.P...P≈.##..#


You could see a kobold.

Vanquished Creatures
  An endoplasm (D:1)
  A goblin (D:1)
  A kobold (D:1)
3 creatures vanquished.

Notes
Turn   | Place    | Note
-------+----------+-------------------------------------------
     0 | D:1      | trckry the Ogre Warper began the quest for the Orb.
     0 | D:1      | Reached XP level 1. HP: 22/22 MP: 3/3
   147 | D:1      | Found a faded altar of an unknown god.
   217 | D:1      | HP: 1/18 [kobold (5)]
   217 | D:1      | Slain by a kobold

Illustrated notes

Levels and vault maps discovered:
D:1:      amcnicky_arrival_underground_garden, layout_basic,
          shapermc_ecumenical_altar_acropolis

Skill      XL: |  1 |
---------------+----+-----
Maces & Flails | 2 |  2.0
Fighting       | |  2.6
Throwing       | |  1.0
Dodging        | |  2.1
Spellcasting   | |  2.4
Translocations | |  2.8

Action                   || total
-------------------------++-------
Melee: Mace              ||    15
Armor: Robe              ||     5
Dodge: Dodged            ||     7
